 Dungeon Crawl Stone Soup version 0.24.0-125-gc4c63601f3 (webtiles) character file.

Game seed: 13080711924812952025, levelgen mode: deterministic

345 Curus the Basher (level 6, -6/51 HPs)
             Began as a Minotaur Fighter on Feb 26, 2020.
             Killed by nerve-wracking pain
             ... invoked by Grinder
              (11 damage)
             ... on level 4 of the Dungeon.
             The game lasted 00:12:55 (3108 turns).

Curus the Basher (Minotaur Fighter)                 Turns: 3108, Time: 00:12:56

Health: -6/51      AC: 11    Str: 21    XL:     6   Next: 32%
Magic:  0/5        EV:  5    Int:  7    God:
Gold:   200        SH: 10    Dex:  9    Spells: 5/5 levels left

rFire    . . .     SeeInvis .   a - +1 flail
rCold    . . .     Gourm    .   c - +1 shield
rNeg     . . .     Faith    .   d - +0 chain mail
rPois    .         Spirit   +   (helmet restricted)
rElec    .         Reflect  .   (no cloak)
rCorr    .         Harm     .   i - +1 pair of gloves
MR       .....                  (no boots)
Stlth    ..........             g - amulet of guardian spirit
HPRegen  0.17/turn              (no ring)
MPRegen  0.09/turn              (no ring)

@: no status effects
A: retaliatory headbutt, horns 2
a: no special abilities


You were on level 4 of the Dungeon.
You were not hungry.

You visited 1 branch of the dungeon, and saw 4 of its levels.

You collected 200 gold pieces.

Inventory:

Hand Weapons
 a - a +1 flail (weapon)
Armour
 b - a +0 scale mail
 c - a +1 shield (worn)
 d - a +0 chain mail (worn)
 i - a +1 pair of gloves (worn)
Jewellery
 e - an uncursed amulet of rage
 g - an amulet of guardian spirit (around neck)
Wands
 h - a wand of digging (7)
Scrolls
 k - a scroll of teleportation
 l - a scroll of identify
Comestibles
 f - 7 rations


   Skills:
 - Level 3.6 Fighting
 + Level 8.2 Maces & Flails
 - Level 3.6 Armour
 - Level 3.6 Shields


You had 5 spell levels left.
You didn't know any spells.
Your spell library was empty.

Dungeon Overview and Level Annotations

Branches:
Dungeon (4/15)             Temple (0/1) D:4

Altars:
Nemelex Xobeh

Annotations:
D:4 Grinder


Innate Abilities, Weirdness & Mutations

You reflexively headbutt those who attack you in melee.
You have a pair of horns on your head.


Message History

You hit Grinder.
Grinder is almost dead.
You block Grinder's attack.
Your shield and chain mail prevent you from hitting Grinder.
Grinder is almost dead.
Grinder hits you but does no damage.
You hit Grinder. Your headbutt misses Grinder.
Grinder is almost dead.
Grinder hits you.
* * * LOW HITPOINT WARNING * * *
You writhe in agony.
* * * LOW HITPOINT WARNING * * *
You closely miss Grinder. You headbutt Grinder, but do no damage.
Grinder is almost dead.
You block Grinder's attack.
You hit Grinder but do no damage.
Grinder is almost dead.
Grinder gestures at you. Pain shoots through your body!
You die...

....# ..... #.. ..#####
## #... ......###.###.
....# ...........#..###
#.>.# .........#
#....#....
.........#####..#...#
.........#.##.#..5.##
[...............@.#.#
....................#
.................#..#
....#............#.....
...##...........## .....
######...........##.....
###................
##..##...........
#..###.........


You could see Grinder.

Vanquished Creatures
  A scorpion (D:3)
  A crimson imp (D:3)
  2 orc priests
  An orc wizard (D:4)
  A worker ant (D:4)
  5 adders
  An ooze (D:4)
  5 worms
  4 dart slugs
  A leopard gecko (D:4)
  5 orcs
  A ball python (D:3)
  7 bats
  3 giant cockroaches
  8 goblins
  6 hobgoblins
  9 jackals
  4 quokkas
  5 frilled lizards
  9 kobolds
  7 rats
86 creatures vanquished.

Notes
Turn   | Place    | Note
-------+----------+-------------------------------------------
     0 | D:1      | Curus the Minotaur Fighter began the quest for the Orb.
     0 | D:1      | Reached XP level 1. HP: 19/19 MP: 0/0
    41 | D:1      | Reached skill level 3 in Maces & Flails
    48 | D:1      | Reached XP level 2. HP: 22/26 MP: 1/1
   470 | D:1      | Reached skill level 4 in Maces & Flails
   759 | D:2      | Reached XP level 3. HP: 31/31 MP: 2/2
   822 | D:2      | Reached skill level 5 in Maces & Flails
  1024 | D:2      | Reached XP level 4. HP: 37/39 MP: 3/3
  1381 | D:3      | Reached skill level 6 in Maces & Flails
  1381 | D:3      | Reached XP level 5. HP: 30/45 MP: 4/4
  1665 | D:3      | Found a sparkling altar of Nemelex Xobeh.
  2101 | D:3      | HP: 2/45 [orc/+0 mace (2)]
  2104 | D:3      | Reached skill level 7 in Maces & Flails
  2837 | D:4      | Reached XP level 6. HP: 50/51 MP: 5/5
  2938 | D:4      | Reached skill level 8 in Maces & Flails
  3080 | D:4      | Noticed Grinder
  3081 | D:4      | Found a staircase to the Ecumenical Temple.
  3095 | D:4      | Paralysed by Grinder for 6 turns
  3108 | D:4      | Killed from afar by Grinder

Levels and vault maps discovered:
D:1:      dpeg_arrival_tiny_d, layout_basic
D:2:      layout_rooms
D:3:      layout_basic, nemelex_lonely_heart_becter
D:4:      layout_cave_pools, minmay_temple_entry_arrows, first_ration,
          kennysheep_generic_room_8, uniq_crazy_yiuf_cottage, uniq_grinder

Skill      XL: |  1  2  3  4  5  6 |
---------------+-------------------+-----
Maces & Flails | 3 4 5 6 7 8 |  8.2
Fighting       | |  3.6
Armour         | |  3.6
Shields        | |  3.6

Action                   |  1- 3 |  4- 6 || total
-------------------------+-------+-------++-------
Melee: Flail             |   101 |   193 ||   294
       Headbutt          |    16 |    27 ||    43
  Use: Potion            |     5 |     1 ||     6
       Scroll            |     3 |     7 ||    10
  Eat: Chunk             |       |     7 ||     7
Armor: Scale mail        |    53 |    57 ||   110
       Chain mail        |       |    12 ||    12
Dodge: Dodged            |    33 |    54 ||    87
Block: Shield            |    51 |   111 ||   162
